 Dungeon Crawl Stone Soup version 0.27-a0-972-gd1521fd518 (webtiles) character file.

Game seed: 8904809647686716133

37 Alarkh the Insei (level 3, 26/26 HPs)
             Began as a Demonspawn Transmuter on Apr 13, 2021.
             Got out of the dungeon alive.
             The game lasted 00:00:45 (835 turns).

Alarkh the Insei (Demonspawn Transmuter)             Turns: 835, Time: 00:00:45

Health: 26/26      AC:  2    Str: 10    XL:     3   Next: 23%
Magic:  6/6        EV: 12    Int: 15    God:
Gold:   62         SH:  4    Dex: 13    Spells: 5/6 levels left

rFire    . . .     SeeInvis .     - Unarmed
rCold    . . .     Faith    .   (no shield)
rNeg     . . .     Spirit   .   a - +0 robe
rPois    .         Reflect  .   (no helmet)
rElec    .         Harm     .   (no cloak)
rCorr    .         Rampage  .   (no gloves)
Will     .....                  (no boots)
Stlth    +.........             (no amulet)
HPRegen  0.08/turn              (no ring)
MPRegen  0.10/turn              (no ring)

@: no status effects
A: claws 1, condensation shield
a: no special abilities


You escaped.
You visited 1 branch of the dungeon, and saw 2 of its levels.

You collected 62 gold pieces.

Inventory:

Armour
 a - a +0 robe (worn)
Scrolls
 b - 2 scrolls of silence {unknown}
 c - a scroll of enchant armour {unknown}
 e - a scroll of brand weapon {unknown}
 g - a scroll of identify {unknown}
 i - a scroll of immolation {unknown}
Potions
 d - a potion of curing {unknown}
 f - 2 potions of mutation {unknown}
 h - a potion of magic {unknown}


   Skills:
 + Level 1.6 Fighting
 - Level 1.7 Dodging
 * Level 3.2 Unarmed Combat
 + Level 2.3 Spellcasting
 + Level 2.1 Transmutations


You had 5 spell levels left.
You knew the following spells:

 Your Spells              Type           Power      Damage    Failure   Level
a - Beastly Appendage     Tmut           16%        N/A       9%          1

Your spell library contained the following spells:

 Spells                   Type           Power      Damage    Failure   Level
 Wereblood                Tmut           8%         N/A       13%         2
 Magic Dart               Conj           4%         1d3       22%         1
 Blink                    Tloc           N/A        N/A       32%         2
 Call Imp                 Summ           1%         N/A       32%         2
 Slow                     Hex            1%         N/A       32%         2
 Spider Form              Tmut/Pois      2%         N/A       38%         3
 Conjure Flame            Conj/Fire      1%         6-21      54%         3
 Mephitic Cloud           Conj/Pois/Air  1%         N/A       54%         3
 Ice Form                 Ice/Tmut       4%         N/A       80%         4
 Hydra Form               Tmut           4%         N/A       94%         5


Dungeon Overview and Level Annotations

Branches:
Dungeon (2/15)

Altars:


Innate Abilities, Weirdness & Mutations

You have sharp fingernails.
A meltable shield of frost defends you. (SH +4)


Message History

A frilled lizard comes into view.
The helpless adder fails to defend itself.
You scratch the adder but do no damage. Your kick misses the adder.
The adder bites you but does no damage. The adder barely misses you.
You scratch the adder but do no damage. Your kick misses the adder.
The adder misses you.
You miss the adder.
The frilled lizard hisses angrily.
The adder closely misses you.
You scratch the adder.
The adder is moderately wounded.
Your transformation is almost over.
The adder barely misses you.
You scratch the adder.
The adder is heavily wounded.
The adder barely misses you. x2
You closely miss the adder. You claw the adder. Your headbutt misses the adder.
The adder is severely wounded.
The adder bites you but does no damage.
You miss the adder. You claw the adder.
You kill the adder!
The frilled lizard barely misses you.
You have reached level 3!
Your experience leads to an increase in your attributes!
Increase (S)trength, (I)ntelligence, or (D)exterity?
You feel clever.
Your demonic ancestry asserts itself...
Frost condenses into a shield before you.
You miss the frilled lizard. You claw the frilled lizard.
You kill the frilled lizard!
No target in view!
(D) Dungeon
Where to? (Enter - D:2, ? - help)
There is a stone staircase leading up here.
You climb upwards.
Your horns disappear.
Your talons disappear.
There is a stone staircase leading down here.
Magic restored.
There is a staircase leading out of the dungeon here.
Are you sure you want to leave the Dungeon?
This will make you lose the game!
You have escaped!

#####......# #..#
##########..........# ##.#
#..........#.....#..####.#
#.#######..##...##..#....######
#.# #....###.###.....#.).....
#.# #.###.##.##.###..#####.##
#)# ###..###.#.#.###...# #.#
#.###.....###.#.###...## #.#
###.##.##......#@#......# #.#
.......##...###.#.###...# #.#
###.##.##..###.#.#.###..## #.#
#.###...###.##.##.###..# #.#
###.###.#....###.###....## #.#
.............##...##....# #.##
.######.###..#.....#..#.# #...
.# #.####.........##.# #### .#
#......###..#####.#


There were no monsters in sight!

Vanquished Creatures
  An adder (D:2)
  A dart slug (D:1)
  2 ball pythons (D:1)
  A bat (D:1)
  An endoplasm (D:1)
  5 goblins (D:1)
  4 hobgoblins (D:1)
  2 kobolds (D:1)
  A quokka (D:1)
  3 frilled lizards
  3 rats (D:1)
24 creatures vanquished.

Notes
Turn   | Place    | Note
-------+----------+-------------------------------------------
     0 | D:1      | Alarkh the Demonspawn Transmuter began the quest for the
                  | Orb.
     0 | D:1      | Reached XP level 1. HP: 15/15 MP: 3/3
   154 | D:1      | Gained mutation: You have sharp fingernails. [demonic
                  | ancestry]
   154 | D:1      | Reached XP level 2. HP: 14/21 MP: 3/5
   317 | D:1      | Reached skill level 3 in Unarmed Combat
   808 | D:2      | Gained mutation: A meltable shield of frost defends you.
                  | (SH +4) [demonic ancestry]
   808 | D:2      | Reached XP level 3. HP: 26/26 MP: 4/6
   835 | D:$      | Got out of the dungeon alive.

Illustrated notes

Levels and vault maps discovered:
D:1:      roderic_crossed_star, layout_loops_ring
D:2:      layout_basic, hellmonk_ecumenical_altar_inner_sanctum

Skill      XL: |  1  2 |
---------------+-------+-----
Transmutations | 2 |  2.1
Unarmed Combat | 3 |  3.2
Fighting       | |  1.6
Dodging        | |  1.7
Spellcasting   | |  2.3

Action                   || total
-------------------------++-------
Melee: Unarmed           ||    53
       Headbutt          ||     5
       Kick              ||     9
 Cast: Beastly Appendage ||    16
 Stab: Sleeping          ||     2
Armor: Robe              ||     6
Dodge: Dodged            ||    33

Table legend: (Time is in decaauts)
 A = Elapsed time spent in this place.
 B = Non-inter-level travel time spent in this place.
 C = Inter-level travel time spent in this place.
 D = Time resting spent in this place.
 E = Time spent auto-exploring this place.
 F = Levels seen in this place.
 G = Mean time per level.
                   A        B        C        D        E       F      G
               +--------+--------+--------+--------+--------+-----+--------+
         Total |    832 |    769 |     63 |      0 |    622 |   2 |  416.0 |
       Dungeon |    832 |    769 |     63 |      0 |    622 |   2 |  416.0 |
               +--------+--------+--------+--------+--------+-----+--------+

Top non-repeatable levels by time:
     D:1: 817 daAuts
     D:2: 14 daAuts
